 Dungeon Crawl Stone Soup version 0.24.0-123-gd5b16e6ec5 (webtiles) character file.

Game seed: 9862784865919510476, levelgen mode: deterministic

9338 eccles the Thaumaturge (level 11, -2/83 HPs)
             Began as a Demonspawn Abyssal Knight on Feb 5, 2020.
             Was a High Priest of Lugonu.
             Slain by an unseen horror (5 damage)
             ... on level 11 of the Dungeon on Feb 6, 2020.
             The game lasted 00:59:15 (11616 turns).

eccles the Thaumaturge (Demonspawn Abyssal Knight) Turns: 11616, Time: 00:59:16

Health: -2/83      AC: 17    Str: 16    XL:     11   Next: 21%
Magic:  25/25      EV:  8    Int: 13    God:    Lugonu [*****.]
Gold:   566        SH:  0    Dex: 13    Spells: 31/31 levels left

rFire    + + .     SeeInvis .   G - +1 falchion (flame)
rCold    x . .     Gourm    .   (no shield)
rNeg     . . .     Faith    .   I - +3 chain mail {MR+}
rPois    .         Spirit   .   (helmet restricted)
rElec    .         Reflect  .   f - +0 cloak
rCorr    .         Harm     .   p - +0 pair of gloves
MR       +....                  (no boots)
Stlth    ..........             u - amulet of magic regeneration
HPRegen  0.23/turn              k - ring of fire
MPRegen  0.44/turn              (no ring)

@: berserk cooldown, slowed, lightly drained, very slow
A: horns 2, icy blue scales 1, demonic guardian 2, fire resistance 1, flame
cloud immunity
a: Depart the Abyss, Bend Space, Banish, Corrupt, Enter the Abyss, Renounce
Religion


You were on level 11 of the Dungeon.
You worshipped Lugonu.
Lugonu was extremely pleased with you.
You were not hungry.

You visited 1 branch of the dungeon, and saw 11 of its levels.
You visited the Abyss 1 time.

You collected 566 gold pieces.

Inventory:

Hand Weapons
 a - a +2 falchion
 b - a +0 shortbow
 C - the +6 hand axe of Contention {chop, *Rage rPois Str-2 Stlth+}
   (You found it on level 6 of the Dungeon)

   It inflicts extra damage upon your enemies.
   It affects your strength (-2).
   It protects you from poison.
   It may make you go berserk in combat.
   It makes you more stealthy.
 F - the cursed +0 spear of Courage {speed, rF+++ Int-2 Dex+8 Stlth+}
   (You found it on level 6 of the Dungeon)

   Attacks with this weapon are significantly faster.
   It affects your intelligence (-2).
   It affects your dexterity (+8).
   It renders you almost immune to fire.
   It makes you more stealthy.
   It has a curse placed upon it.
 G - a +1 falchion of flaming (weapon)
Missiles
 i - 340 stones
 j - 31 poisoned darts (quivered)
 l - 86 bolts
 n - 68 sling bullets
 v - 140 arrows
Armour
 f - a +0 cloak (worn)
 h - a +0 scale mail
 p - a +0 pair of gloves (worn)
 t - a +0 chain mail
 y - a +0 leather armour
 D - a +0 plate armour
 I - a +3 chain mail of magic resistance (worn)
Jewellery
 k - a ring of fire (left hand)
 u - an amulet of magic regeneration (around neck)
Wands
 e - a wand of flame (12)
 m - a wand of polymorph (8)
 x - a wand of clouds (2)
 E - a wand of disintegration (13)
 J - a wand of acid (5)
 L - a wand of enslavement (7)
Scrolls
 g - 5 scrolls of teleportation
 q - 5 scrolls of remove curse
 r - 3 scrolls of magic mapping
 w - 4 scrolls of immolation
 H - a scroll of fear
 N - a scroll of enchant weapon
 O - 2 scrolls of identify
Potions
 d - a potion of magic
 o - 5 potions of agility
 s - 3 potions of might
 A - a potion of flight
 B - 2 potions of brilliance
 K - a potion of ambrosia
 P - a potion of haste
Miscellaneous
 R - a fan of gales (inert)
Comestibles
 c - 30 rations
 Q - 31 chunks of flesh


   Skills:
 - Level 6.4(6.1) Fighting
 - Level 8.0(7.7) Long Blades
 - Level 0.2(0.0) Bows
 - Level 6.1(5.9) Armour
 - Level 3.3(3.0) Dodging
 - Level 1.4(1.1) Stealth
 + Level 10.6(10.3) Spellcasting
 - Level 4.6(4.3) Invocations


You had 31 spell levels left.
You didn't know any spells.
Your spell library contained the following spells:

 Spells                   Type           Power        Failure   Level  Hunger
 Confusing Touch          Hex            #.....       83%         1    None
 Freeze                   Ice            #...         83%         1    None
 Throw Frost              Conj/Ice       #.....       93%         2    None
 Confuse                  Hex            #.......     99%         3    #......
 Gell's Gravitas          Tloc           #.........   99%         3    #......
 Ozocubu's Armour         Chrm/Ice       #.......     99%         3    #......
 Petrify                  Tmut/Erth      #.......     100%        4    ###....
 Summon Ice Beast         Ice/Summ       #.......     100%        4    ###....
 Throw Icicle             Conj/Ice       #.......     100%        4    ###....
 Metabolic Englaciation   Hex/Ice        #.........   100%        5    #####..
 Yara's Violent Unravell  Hex/Tmut       #.........   100%        5    #####..


Dungeon Overview and Level Annotations

Branches:
Dungeon (11/15)            Temple (0/1) D:5            Lair (0/6) D:10
    Orc: D:9-12

Altars:
Gozag
Kikubaaqudgha
Nemelex Xobeh
Ru
Wu Jian

Shops:
D:6 (   D:10 *

Annotations:
D:2 Natasha
D:9 2 transporters, hazymike's ghost, novice TrWz


Innate Abilities, Weirdness & Mutations

You have a pair of horns on your head.
You are partially covered in icy blue scales. (AC +2)
A demonic guardian rushes to your aid.
Your flesh is heat resistant. (rF+)
You are immune to clouds of flame.


Message History

You feel a strong urge to attack something.
Something hits you but does no damage.
You miss something. Something hits you but does no damage. Something hits you.
* * * LOW HITPOINT WARNING * * *
Something hits you.
* * * LOW HITPOINT WARNING * * *
You feel a strong urge to attack something.
Something hits you.
* * * LOW HITPOINT WARNING * * *
Things that are here:
a cursed +0 battleaxe; a +0 robe; a ring mail You are no longer berserk.
You are exhausted.
You feel yourself slow down. Something hits you but does no damage.
An iguana comes into view.
Something hits you but does no damage. Something hits you.
* * * LOW HITPOINT WARNING * * *
Something hits you.
You die...

### ### ######
..#... #####....#
##.#.### ...#.##.#
......
#####.#.##.#####l#.#
.............)..@.>#
###'#.#.#####)..##.#
........# ###.# #
...).#### #.#
.....#### #.#
....4...# #..
........# ###
....รท...# ..)))####


You could see an iguana.

Vanquished Creatures
  2 two-headed ogres (D:11)
  Pikel (D:7)
  A manticore (D:11)
  A kobold demonologist (D:11)
  A hippogriff (D:11)
  A shadow (D:11)
  A vampire (D:10)
  3 yaks (D:10)
  Edmund (D:6)
  An orc warrior (D:7)
  2 phantoms
  An eye of draining (D:10)
  7 ogres
  2 centaurs
  4 bullfrogs
  2 scorpions (D:5)
  A water moccasin skeleton (D:4)
  2 wights (D:11)
  2 vampire bats (D:5)
  A howler monkey (D:4)
  A bullfrog zombie (D:8)
  7 jellies
  A centaur zombie (D:7)
  2 crimson imps (D:7)
  6 hounds
  4 orc priests
  8 orc wizards
  A centaur skeleton (D:10)
  5 iguanas
  7 worker ants
  Terence (D:2)
  2 killer bee zombies (D:6)
  2 hound zombies
  A worker ant zombie (D:5)
  Robin (D:4)
  3 gnolls (D:9)
  13 adders
  2 shadow imps
  An ooze (D:1)
  An adder skeleton (D:4)
  An adder zombie (D:6)
  A worm (D:2)
  4 dart slugs
  4 leopard geckos
  50 orcs
  A ball python (D:3)
  2 bat skeletons (D:5)
  3 bat zombies (D:5)
  A giant cockroach (D:1)
  9 goblins
  13 hobgoblins
  12 jackals
  11 kobolds
  6 quokkas
  A bat (D:2)
  3 frilled lizards
  A giant cockroach zombie (D:5)
  2 jackal skeletons (D:6)
  A leopard gecko skeleton (D:4)
  A quokka skeleton (D:5)
  A quokka zombie (D:7)
  7 rats
241 creatures vanquished.

Vanquished Creatures (collateral kills)
  Josephine (D:11)
  An ogre mage (D:11)
  2 two-headed ogres (D:11)
  2 trolls (D:10)
  A vampire (D:10)
  5 wraiths (D:11)
  9 yaks (D:10)
  A water moccasin (D:6)
  An ice beast (D:5)
  A slave (D:7)
  A black bear (D:6)
  5 ogres
  2 scorpions
  A crimson imp (D:5)
  A bullfrog skeleton (D:11)
  A hound (D:4)
  An orc wizard (D:5)
  Natasha (D:2)
  2 worker ants
  2 adders
  A worm (D:4)
  A leopard gecko (D:2)
  9 orcs
  A giant cockroach (D:4)
  A jackal (D:11)
54 creatures vanquished.

Vanquished Creatures (others)
  A hound (D:7)
1 creature vanquished.

Grand Total: 296 creatures vanquished

Notes
Turn   | Place    | Note
-------+----------+-------------------------------------------
     0 | Abyss:1  | eccles the Demonspawn Abyssal Knight began the quest for
                  | the Orb.
     0 | Abyss:1  | Reached XP level 1. HP: 18/18 MP: 2/2
    84 | Abyss:1  | Noticed a hellwing
    85 | D:1      | Escaped the Abyss
   526 | D:1      | Reached skill level 1 in Dodging
   535 | D:1      | Reached * piety under Lugonu
   558 | D:1      | Gained mutation: A weak demonic guardian rushes to your
                  | aid. [demonic ancestry]
   558 | D:1      | Reached XP level 2. HP: 11/24 MP: 4/4
  1656 | D:2      | Gained mutation: A demonic guardian rushes to your aid.
                  | [demonic ancestry]
  1656 | D:2      | Reached XP level 3. HP: 29/29 MP: 5/5
  1681 | D:2      | Noticed Terence
  1793 | D:2      | Killed Terence
  2130 | D:2      | Reached XP level 4. HP: 36/37 MP: 6/6
  2636 | D:2      | Noticed Natasha
  2652 | D:2      | Killed Natasha
  2732 | D:2      | Noticed Natasha
  3032 | D:3      | Reached ** piety under Lugonu
  3165 | D:3      | Gained mutation: You have a pair of small horns on your
                  | head. [demonic ancestry]
  3165 | D:3      | Reached XP level 5. HP: 37/42 MP: 7/7
  3342 | D:3      | Found a sacrificial altar of Ru.
  4077 | D:4      | Noticed an ogre
  4083 | D:4      | Killed an ogre
  4083 | D:4      | Gained mutation: You are partially covered in icy blue
                  | scales. (AC +2) [demonic ancestry]
  4083 | D:4      | Reached XP level 6. HP: 49/49 MP: 8/8
  4199 | D:4      | Noticed Robin
  4263 | D:4      | Reached *** piety under Lugonu
  4463 | D:4      | Killed Robin
  4685 | D:5      | Entered Level 5 of the Dungeon
  4690 | D:5      | Noticed an ice beast
  4695 | D:5      | Reached XP level 7. HP: 39/55 MP: 9/9
  4701 | D:5      | Reached skill level 5 in Fighting
  4895 | D:5      | Found an ancient bone altar of Kikubaaqudgha.
  4917 | D:5      | Reached skill level 5 in Long Blades
  4985 | D:5      | Reached skill level 1 in Stealth
  4989 | D:5      | Found a sparkling altar of Nemelex Xobeh.
  5430 | D:5      | Gained mutation: You have a pair of horns on your head.
                  | [demonic ancestry]
  5430 | D:5      | Reached XP level 8. HP: 61/62 MP: 10/10
  5453 | D:5      | Reached **** piety under Lugonu
  5482 | D:5      | Found an ornate altar of the Wu Jian Council.
  5491 | D:5      | Found a staircase to the Ecumenical Temple.
  5646 | D:6      | Got a brightly glowing hand axe
  5648 | D:6      | Identified the +6 hand axe of Contention {chop, *Rage rPois
                  | Str-2 Stlth+} (You found it on level 6 of the Dungeon)
  5714 | D:6      | Found Omiomiz's Antique Weapon Shop.
  5809 | D:6      | Got a crude spear
  5811 | D:6      | Identified the cursed +0 spear of Courage {speed, rF+++
                  | Int-2 Dex+8 Stlth+} (You found it on level 6 of the
                  | Dungeon)
  5826 | D:6      | Reached skill level 5 in Armour
  5839 | D:6      | Noticed Edmund
  5849 | D:6      | Killed Edmund
  6887 | D:7      | Noticed Pikel
  6905 | D:7      | Killed Pikel
  6905 | D:7      | Gained mutation: Your flesh is heat resistant. (rF+)
                  | [demonic ancestry]
  6905 | D:7      | Reached XP level 9. HP: 33/69 MP: 11/11
  7652 | D:7      | Reached ***** piety under Lugonu
  8050 | D:8      | Reached skill level 1 in Spellcasting
  8197 | D:8      | Reached skill level 2 in Spellcasting
  8515 | D:9      | Noticed a two-headed ogre
  8750 | D:9      | Reached skill level 3 in Spellcasting
  9054 | D:9      | Reached skill level 4 in Spellcasting
  9254 | D:9      | Noticed hazymike's ghost (novice TrWz)
  9256 | D:9      | Found a transporter.
  9256 | D:9      | Noticed a two-headed ogre
  9266 | D:9      | Found a transporter.
  9435 | D:10     | Entered Level 10 of the Dungeon
  9435 | D:10     | Found Gozag's Platinum Reserve.
  9435 | D:10     | Found an opulent altar of Gozag.
  9503 | D:10     | Noticed a troll
  9513 | D:10     | Killed a troll
  9613 | D:10     | Reached skill level 5 in Spellcasting
  9613 | D:10     | Reached XP level 10. HP: 75/77 MP: 1/17
  9648 | D:10     | Found a staircase to the Lair.
  9732 | D:10     | HP: 2/77 [something/vampiric draining (15)]
 10339 | D:10     | Reached skill level 6 in Spellcasting
 11105 | D:10     | Reached skill level 7 in Spellcasting
 11395 | D:11     | Noticed a manticore
 11398 | D:11     | Killed a manticore
 11398 | D:11     | Reached skill level 8 in Spellcasting
 11411 | D:11     | Noticed a sun demon
 11463 | D:11     | Noticed an ogre mage
 11467 | D:11     | Noticed a two-headed ogre
 11472 | D:11     | Noticed a two-headed ogre
 11474 | D:11     | Noticed a two-headed ogre
 11479 | D:11     | Killed an ogre mage
 11479 | D:11     | Reached skill level 9 in Spellcasting
 11480 | D:11     | Killed a two-headed ogre
 11487 | D:11     | Killed a two-headed ogre
 11488 | D:11     | Killed a two-headed ogre
 11488 | D:11     | Gained mutation: You are immune to clouds of flame.
                  | [demonic ancestry]
 11488 | D:11     | Reached XP level 11. HP: 57/83 MP: 24/24
 11493 | D:11     | Reached skill level 10 in Spellcasting
 11512 | D:11     | Noticed Josephine
 11521 | D:11     | Killed Josephine
 11557 | D:11     | Noticed a two-headed ogre
 11564 | D:11     | Killed a two-headed ogre
 11615 | D:11     | HP: 3/83 [something (4)]
 11616 | D:11     | Slain by an unseen horror

Levels and vault maps discovered:
D:1:      shiori_arrival_elements, layout_basic, hangedman_decor_points
D:2:      layout_basic, kennysheep_generic_room_16, uniq_terence, uniq_natasha
D:3:      minmay_spotlight, layout_rooms, nicolae_ru_the_path_less_chosen
D:4:      layout_rooms, first_ration, uniq_robin
D:5:      layout_basic, kennysheep_vampire_church,
          minmay_temple_entry_stoned_glass, basic_altar, grunt_ministairs_6,
          nemelex_diamond_rough_becter
D:6:      layout_basic, serial_shops, nicolae_shop_statue_plus, uniq_edmund
D:7:      layout_loops_cross, uniq_pikel
D:8:      layout_loops_cross
D:9:      layout_loops_ring, gammafunk_ghost_smash, grunt_ogre_cave,
          minmay_misc_feat_enclosed
D:10:     layout_long_grid, lair_entry_dummy, nicolae_gozag_zags_fifth_avenue
D:11:     layout_basic, led_sif_book, uniq_josephine

Skill      XL: |  1  2  3  4  5  6  7  8  9 10 11 |
---------------+----------------------------------+-----
Dodging        | 1 2 3 |  3.3
Armour         | 2 3 4 5 6 |  6.1
Long Blades    | 2 3 4 5 7 8 |  8.0
Fighting       | 4 5 6 |  6.4
Stealth        | 1 |  1.4
Invocations    | 3 4 |  4.6
Spellcasting   | 5 9 10 | 10.6
Bows           | |  0.2

Action                   |  1- 3 |  4- 6 |  7- 9 | 10-12 || total
-------------------------+-------+-------+-------+-------++-------
Melee: Falchion          |    96 |   281 |   515 |   168 ||  1060
       Headbutt          |       |    31 |   114 |    44 ||   189
 Fire: Shortbow          |       |       |     2 |       ||     2
Throw: Dart              |     1 |       |     3 |       ||     4
Invok: Depart the Abyss  |     1 |       |       |       ||     1
Evoke: Wand              |       |       |     1 |     3 ||     4
       Fan of gales      |       |       |       |     1 ||     1
  Use: Potion            |     2 |       |     1 |     5 ||     8
       Scroll            |       |    11 |    12 |     1 ||    24
  Eat: Chunk             |     3 |    10 |    15 |     4 ||    32
       Ration            |       |       |       |     1 ||     1
Armor: Leather armour    |    23 |       |       |       ||    23
       Scale mail        |     4 |     5 |       |       ||     9
       Chain mail        |       |   206 |   308 |   157 ||   671
       Plate armour      |       |       |    68 |       ||    68
Dodge: Dodged            |    47 |   108 |   197 |    41 ||   393
       Rpst.: Falchion   |    15 |    34 |    55 |     7 ||   111
